BSA
IRVINE GANG GREEN @ ORLANDO CALRISSIAN
08/14/2030
 
TOP OF THE 1ST
Irvine Gang Green batting - Pitching for Orlando Calrissian : RHP Arthur Melton
Pitching: RHP Arthur Melton
Batting: RHB Tomás Carranza 0-0: Fly out, F9 (Line Drive, 9LM)
Batting: SHB Carlos Córdova 0-0: Called Strike
0-1: Called Strike
0-2: SINGLE (Line Drive, 6M)
Batting: LHB Jeff Daniels 0-0: Called Strike
0-1: Ball
1-1: Ball
2-1: Called Strike
2-2: Fielders Choice at 2nd, 3-6 (Groundball, 3)
Batting: LHB Víctor Quiñones 0-0: Ball
1-0: Fly out, F9 (Flyball, 89D)
Top of the 1st over - 0 runs, 1 hit, 0 errors, 1 left on base; Irvine 0 - Orlando 0
BOTTOM OF THE 1ST
Orlando Calrissian batting - Pitching for Irvine Gang Green : LHP Millard Curtis
Pitching: LHP Millard Curtis
Batting: RHB Sean White 0-0: Called Strike
0-1: Ball
1-1: Called Strike
1-2: Strikes out looking
Batting: RHB Frederico Hernández 0-0: Ball
1-0: Ball
2-0: Ground out 6-3 (Groundball, 6M)
Batting: SHB Tim Abbott 0-0: Ball
1-0: Called Strike
1-1: Foul Ball, location: 2F
1-2: Fly out, F4 (Flyball, 4D)
Bottom of the 1st over - 0 runs, 0 hits, 0 errors, 0 left on base; Irvine 0 - Orlando 0
TOP OF THE 2ND
Irvine Gang Green batting - Pitching for Orlando Calrissian : RHP Arthur Melton
Batting: SHB Nick Cox 0-0: Ball
1-0: Called Strike
1-1: SINGLE (Groundball, 56D)
Batting: LHB Tony Abete 0-0: Foul Ball, location: 2F
0-1: Foul Ball, location: 2F
0-2: Ball
1-2: Ball
2-2: Foul Ball, location: 2F
2-2: Foul Ball, location: 2F
2-2: Ball
3-2: Foul Ball, location: 2F
3-2: Base on Balls
Nick Cox to second
Batting: RHB Lawrence Schroeder 0-0: Ball
1-0: Ball
2-0: Swinging Strike
2-1: Foul Ball, location: 2F
2-2: Strikes out swinging
Batting: LHB Tom Baker 0-0: Called Strike
0-1: Ball
1-1: Swinging Strike
1-2: Ball
2-2: Ball
3-2: Grounds into double play, 6-4-3 (Groundball, 6)
Top of the 2nd over - 0 runs, 1 hit, 0 errors, 1 left on base; Irvine 0 - Orlando 0
BOTTOM OF THE 2ND
Orlando Calrissian batting - Pitching for Irvine Gang Green : LHP Millard Curtis
Batting: RHB Raúl Canó 0-0: Called Strike
0-1: Foul Ball, location: 2F
0-2: Ball
1-2: Foul Ball, location: 2F
1-2: Strikes out swinging
Batting: RHB Gabriel Ángel 0-0: Called Strike
0-1: Ball
1-1: Ball
2-1: Swinging Strike
2-2: Fly out, F4 (Popup, 4M)
Batting: RHB Jesús Gonzáles 0-0: Ball
1-0: Foul Ball, location: 2F
1-1: Ball
2-1: SINGLE (Line Drive, 9LS)
Batting: RHB Júlio Negrón 0-0: Called Strike
0-1: Foul Ball, location: 2F
0-2: Fly out, F9 (Flyball, 9D)
Bottom of the 2nd over - 0 runs, 1 hit, 0 errors, 1 left on base; Irvine 0 - Orlando 0
TOP OF THE 3RD
Irvine Gang Green batting - Pitching for Orlando Calrissian : RHP Arthur Melton
Batting: RHB José Salazar 0-0: Called Strike
0-1: Ball
1-1: Foul Ball, location: 2F
1-2: Foul Ball, location: 2F
1-2: Ground out 6-3 (Groundball, 6)
Batting: RHB Tomás Carranza 0-0: Foul Ball, location: 2F
0-1: Ball
1-1: Called Strike
1-2: Ground out 4-3 (Groundball, 4)
Batting: SHB Carlos Córdova 0-0: Called Strike
0-1: Ball
1-1: Ball
2-1: Ball
3-1: Called Strike
3-2: Base on Balls
Batting: LHB Jeff Daniels 0-0: Ball
1-0: Called Strike
1-1: Ball
2-1: 2-RUN HOME RUN (Flyball, 9LD), Distance : 437 ft
Batting: LHB Víctor Quiñones 0-0: Called Strike
0-1: DOUBLE (Groundball, 3L)
Batting: SHB Nick Cox 0-0: Ball
1-0: Ball
2-0: Ball
3-0: Called Strike
3-1: Base on Balls
Batting: LHB Tony Abete 0-0: Ball
1-0: Ball
2-0: Ball
3-0: Called Strike
3-1: Base on Balls
Víctor Quiñones to third
Nick Cox to second
Batting: RHB Lawrence Schroeder 0-0: Foul Ball, location: 2F
0-1: SINGLE (Groundball, 6MD)
Víctor Quiñones scores
Nick Cox to third
Tony Abete to second
Runner from 3rd tries for Home, SAFE, throw made home
Batting: LHB Tom Baker 0-0: Ball
1-0: Foul Ball, location: 2F
1-1: Swinging Strike
1-2: Ball
2-2: Ball
3-2: Base on Balls
Tony Abete to third
Lawrence Schroeder to second
Batting: RHB José Salazar 0-0: Ball
1-0: Ball
2-0: Called Strike
2-1: Called Strike
2-2: Ball
3-2: Ground out 5-3 (Groundball, 56)
Top of the 3rd over - 4 runs, 3 hits, 0 errors, 3 left on base; Irvine 4 - Orlando 0
BOTTOM OF THE 3RD
Orlando Calrissian batting - Pitching for Irvine Gang Green : LHP Millard Curtis
Batting: LHB Zack Payton 0-0: Ball
1-0: Ball
2-0: Ball
3-0: Called Strike
3-1: Foul Ball, location: 2F
3-2: SINGLE (Groundball, 4MD)
Batting: RHB Robby Lewis 0-0: Fly out, F4 (Popup, 4MD)
Batting: RHB Sean White 0-0: Grounds into double play, 1-4-3 (Groundball, 15S)
Bottom of the 3rd over - 0 runs, 1 hit, 0 errors, 0 left on base; Irvine 4 - Orlando 0
TOP OF THE 4TH
Irvine Gang Green batting - Pitching for Orlando Calrissian : RHP Arthur Melton
Batting: RHB Tomás Carranza 0-0: Fly out, F7 (Flyball, 78S)
Batting: SHB Carlos Córdova 0-0: Ground out 4-3 (Groundball, 4)
Batting: LHB Jeff Daniels 0-0: SINGLE (Line Drive, 89S)
Batting: LHB Víctor Quiñones 0-0: Ball
1-0: Ball
2-0: 2-RUN HOME RUN (Flyball, 7LD), Distance : 364 ft
Batting: SHB Nick Cox 0-0: Called Strike
0-1: Foul Ball, location: 2F
0-2: Strikes out looking
Top of the 4th over - 2 runs, 2 hits, 0 errors, 0 left on base; Irvine 6 - Orlando 0
BOTTOM OF THE 4TH
Orlando Calrissian batting - Pitching for Irvine Gang Green : LHP Millard Curtis
Batting: RHB Frederico Hernández 0-0: Foul Ball, location: 2F
0-1: Swinging Strike
0-2: Strikes out swinging
Batting: SHB Tim Abbott 0-0: Foul Ball, location: 2F
0-1: Ball
1-1: Ground out 4-3 (Groundball, 4M)
Batting: RHB Raúl Canó 0-0: Called Strike
0-1: Ground out 6-3 (Groundball, 6M)
Bottom of the 4th over - 0 runs, 0 hits, 0 errors, 0 left on base; Irvine 6 - Orlando 0
TOP OF THE 5TH
Irvine Gang Green batting - Pitching for Orlando Calrissian : RHP Arthur Melton
Batting: LHB Tony Abete 0-0: Ball
1-0: Ball
2-0: Ball
3-0: Called Strike
3-1: Foul Ball, location: 2F
3-2: SINGLE (Groundball, 4D)
Pitching: LHP Keith Jennings
Batting: RHB Lawrence Schroeder 0-0: Called Strike
Tony Abete is caught stealing 2nd base
0-1: Ball
1-1: Called Strike
1-2: Ball
2-2: SINGLE (Line Drive, 34)
Batting: LHB Tom Baker 0-0: Called Strike
0-1: Ball
1-1: Ball
2-1: Foul Ball, location: 2F
2-2: Foul Ball, location: 2F
2-2: Ball
3-2: Foul Ball, location: 2F
3-2: DOUBLE (Groundball, 3L)
Lawrence Schroeder to third
Batting: RHB José Salazar 0-0: Ball
1-0: Ball
2-0: Ball
3-0: Base on Balls
Batting: RHB Tomás Carranza 0-0: Ball
1-0: Called Strike
1-1: Foul Ball, location: 2F
1-2: Ball
2-2: Ground out U3 (Groundball, 34S)
Lawrence Schroeder scores
Tom Baker to third
José Salazar to second
Batting: SHB Carlos Córdova 0-0: Ball
1-0: Called Strike
1-1: Ball
2-1: Fly out, F1 (Line Drive, 15)
Top of the 5th over - 1 run, 3 hits, 0 errors, 2 left on base; Irvine 7 - Orlando 0
BOTTOM OF THE 5TH
Orlando Calrissian batting - Pitching for Irvine Gang Green : LHP Millard Curtis
Batting: RHB Gabriel Ángel 0-0: Ball
1-0: SINGLE (Line Drive, 34)
Batting: RHB Jesús Gonzáles 0-0: Ball
1-0: Fly out, F5 (Popup, 6S)
Batting: RHB Júlio Negrón 0-0: Ball
1-0: Fly out, F7 (Flyball, 7S)
Batting: LHB Zack Payton 0-0: Fly out, F8 (Flyball, 8RM)
Bottom of the 5th over - 0 runs, 1 hit, 0 errors, 1 left on base; Irvine 7 - Orlando 0
TOP OF THE 6TH
Irvine Gang Green batting - Pitching for Orlando Calrissian : LHP Keith Jennings
Batting: LHB Jeff Daniels 0-0: Called Strike
0-1: Ball
1-1: SINGLE (Flyball, 78S)
Batting: LHB Víctor Quiñones 0-0: 2-RUN HOME RUN (Flyball, 9D), Distance : 387 ft
Batting: SHB Nick Cox 0-0: Ball
1-0: Foul Ball, location: 2F
1-1: Called Strike
1-2: Ball
2-2: Foul Ball, location: 2F
2-2: Foul Ball, location: 2F
2-2: Ball
3-2: Fly out, F5 (Popup, 25)
Batting: LHB Tony Abete 0-0: Ball
1-0: Swinging Strike
1-1: Fly out, F4 (Popup, 34D)
Batting: RHB Lawrence Schroeder 0-0: Ball
1-0: Called Strike
1-1: Called Strike
1-2: Fly out, F9 (Flyball, 9LM)
Top of the 6th over - 2 runs, 2 hits, 0 errors, 0 left on base; Irvine 9 - Orlando 0
BOTTOM OF THE 6TH
Orlando Calrissian batting - Pitching for Irvine Gang Green : LHP Millard Curtis
Batting: RHB Robby Lewis 0-0: Called Strike
0-1: SINGLE (Groundball, 34D)
Batting: RHB Sean White 0-0: Ground out 5-3 (Groundball, 5S)
Robby Lewis to second
Batting: RHB Frederico Hernández 0-0: Called Strike
0-1: Ball
1-1: Ground out 6-3 (Groundball, 6)
Robby Lewis to third
Batting: SHB Tim Abbott 0-0: Called Strike
0-1: Foul Ball, location: 2F
0-2: Ball
1-2: Ball
2-2: Foul Ball, location: 2F
2-2: Fly out, F4 (Popup, 23)
Bottom of the 6th over - 0 runs, 1 hit, 0 errors, 1 left on base; Irvine 9 - Orlando 0
TOP OF THE 7TH
Irvine Gang Green batting - Pitching for Orlando Calrissian : LHP Keith Jennings
Batting: LHB Tom Baker 0-0: Ground out 6-3 (Groundball, 6)
Batting: RHB José Salazar 0-0: Ball
1-0: Ball
2-0: Ball
3-0: Called Strike
3-1: Base on Balls
Batting: RHB Tomás Carranza 0-0: Ball
1-0: Called Strike
1-1: Ball
2-1: Foul Ball, location: 2F
2-2: SINGLE (Groundball, 56D)
José Salazar to second
Batting: SHB Carlos Córdova 0-0: Called Strike
0-1: Ball
1-1: Foul Ball, location: 2F
1-2: Foul Ball, location: 2F
1-2: Foul Ball, location: 2F
1-2: Fly out, F8 (Flyball, 89D)
Runner from 2nd tags up, SAFE at 3rd, no throw
Batting: LHB Jeff Daniels 0-0: Foul Ball, location: 2F
0-1: Ball
1-1: Foul Ball, location: 2F
1-2: Ball
2-2: Ball
3-2: Fly out, F5 (Popup, 56S)
Top of the 7th over - 0 runs, 1 hit, 0 errors, 2 left on base; Irvine 9 - Orlando 0
BOTTOM OF THE 7TH
Orlando Calrissian batting - Pitching for Irvine Gang Green : LHP Millard Curtis
Batting: RHB Raúl Canó 0-0: Ball
1-0: Ball
2-0: Ball
3-0: Called Strike
3-1: Foul Ball, location: 2F
3-2: SINGLE (Line Drive, 4D)
Batting: RHB Gabriel Ángel 0-0: Called Strike
0-1: Ball
1-1: SINGLE (Flyball, 9LM)
Raúl Canó to second
Runner from 2nd tries for 3rd, SAFE, no throw
Batting: RHB Jesús Gonzáles 0-0: Ball
1-0: Ball
2-0: Swinging Strike
2-1: Swinging Strike
2-2: Strikes out swinging
Batting: RHB Júlio Negrón 0-0: Called Strike
0-1: Fly out, F9 (Flyball, 9LS)
Runner from 3rd tags up, OUT at HOME
Bottom of the 7th over - 0 runs, 2 hits, 0 errors, 1 left on base; Irvine 9 - Orlando 0
TOP OF THE 8TH
Irvine Gang Green batting - Pitching for Orlando Calrissian : LHP Keith Jennings
Pitching: RHP José Reyes
Batting: LHB Víctor Quiñones 0-0: Ball
1-0: SINGLE (Line Drive, 34)
Batting: SHB Nick Cox 0-0: Ball
1-0: Fielders Choice at 2nd, 6-4 (Groundball, 6)
Batting: LHB Tony Abete 0-0: Ball
1-0: Fly out, F9 (Flyball, 9S)
Batting: RHB Lawrence Schroeder 0-0: Called Strike
0-1: Swinging Strike
0-2: Ball
1-2: Ball
2-2: Ball
3-2: Base on Balls
Nick Cox to second
Batting: LHB Tom Baker 0-0: Swinging Strike
0-1: Foul Ball, location: 2F
0-2: Ball
1-2: Ball
2-2: Ground out 6-3 (Groundball, 6M)
Top of the 8th over - 0 runs, 1 hit, 0 errors, 2 left on base; Irvine 9 - Orlando 0
BOTTOM OF THE 8TH
Orlando Calrissian batting - Pitching for Irvine Gang Green : LHP Millard Curtis
Now at 2B: Oliver Cisneros
Now in LF: Tony Tavárez
Batting: LHB Zack Payton 0-0: Ground out 4-3 (Groundball, 4)
Batting: RHB Robby Lewis 0-0: DOUBLE (Flyball, 8RXD) - OUT at third base trying to stretch hit.
Batting: RHB Sean White 0-0: Ball
1-0: Foul Ball, location: 2F
1-1: Called Strike
1-2: Foul Ball, location: 2F
1-2: Ball
2-2: Strikes out swinging
Bottom of the 8th over - 0 runs, 1 hit, 0 errors, 0 left on base; Irvine 9 - Orlando 0
TOP OF THE 9TH
Irvine Gang Green batting - Pitching for Orlando Calrissian : RHP José Reyes
Batting: RHB José Salazar 0-0: Ball
1-0: Ball
2-0: Ball
3-0: Called Strike
3-1: Fly out, F8 (Flyball, 8LD)
Batting: RHB Tomás Carranza 0-0: Foul Ball, location: 2F
0-1: SINGLE (Groundball, 6MD)
Batting: SHB Carlos Córdova 0-0: Called Strike
Tomás Carranza steals 2nd base
0-1: Ball
1-1: Called Strike
1-2: Ball
2-2: Ball
3-2: Foul Ball, location: 2F
3-2: Foul Ball, location: 2F
3-2: Base on Balls
Batting: LHB Jeff Daniels 0-0: Called Strike
0-1: SINGLE (Groundball, 6D)
Tomás Carranza to third
Carlos Córdova to second
Runner from 3rd tries for Home, SAFE, no throw
Batting: LHB Víctor Quiñones 0-0: Called Strike
0-1: Foul Ball, location: 2F
0-2: Ball
1-2: Strikes out swinging
Batting: SHB Nick Cox 0-0: SINGLE (Groundball, 6) (infield hit)
Carlos Córdova to third
Jeff Daniels to second
Batting: LHB Tony Tavárez 0-0: Swinging Strike
0-1: Ball
1-1: Foul Ball, location: 2F
1-2: Ball
2-2: SINGLE (Line Drive, 6M)
Carlos Córdova scores
Jeff Daniels to third
Nick Cox to second
Runner from 3rd tries for Home, SAFE, no throw
Batting: LHB Oliver Cisneros 0-0: Swinging Strike
0-1: Fly out, F7 (Flyball, 7LD)
Top of the 9th over - 3 runs, 4 hits, 0 errors, 2 left on base; Irvine 12 - Orlando 0
BOTTOM OF THE 9TH
Orlando Calrissian batting - Pitching for Irvine Gang Green : LHP Millard Curtis
Batting: RHB Frederico Hernández 0-0: Foul Ball, location: 2F
0-1: Called Strike
0-2: Fly out, F7 (Line Drive, 7LM)
Batting: SHB Tim Abbott 0-0: Ball
1-0: Called Strike
1-1: Ball
2-1: Foul Ball, location: 2F
2-2: SINGLE (Groundball, 34) (infield hit)
Batting: RHB Raúl Canó 0-0: Foul Ball, location: 2F
0-1: Ball
1-1: Fly out, F4 (Line Drive, 4M)
Batting: RHB Gabriel Ángel 0-0: Called Strike
0-1: Foul Ball, location: 2F
0-2: Fly out, F8 (Flyball, 8RXD)
Bottom of the 9th over - 0 runs, 1 hit, 0 errors, 1 left on base; Irvine 12 - Orlando 0
Saturday, April 7th, 2018 - OOTP Baseball 18.8 Build 76